 Dungeon Crawl Stone Soup version 0.29-a0-187-ga23d9638d5 (webtiles) character file.

Game seed: 2921283944662656212

274 dr0g0th the Cudgeller (level 6, -20/39 HPs)
             Began as a Gargoyle Fighter on Feb 21, 2022.
             Demolished by an ogre (23 damage)
             ... on level 4 of the Dungeon.
             The game lasted 00:03:13 (3122 turns).

dr0g0th the Cudgeller (Gargoyle Fighter)            Turns: 3122, Time: 00:03:14

Health: -20/39     AC: 12    Str: 21    XL:     6   Next: 24%
Magic:  6/6        EV:  6    Int:  9    God:
Gold:   144        SH:  0    Dex:  9    Spells: 5/5 levels left

rFire   . . .      SeeInvis .   n - +3 mace
rCold   + . .      Faith    .   c - +0 buckler
rNeg    + . .      Spirit   .   b - +0 scale mail
rPois   ∞          Reflect  .   i - +0 helmet
rElec   +          Harm     .   (no cloak)
rCorr   .          Rampage  .   (no gloves)
Will    .....                   (no boots)
Stlth   ..........              (no amulet)
HPRegen 0.13/turn               m - ring of protection from cold
MPRegen 0.10/turn               (no ring)

@: confused, brilliant, flying, constricted
A: sickness immunity, AC +4, negative energy resistance 1, electricity
resistance, torment resistance 1, petrification resistance
a: no special abilities


You were on level 4 of the Dungeon.
You visited 1 branch of the dungeon, and saw 4 of its levels.

You collected 144 gold pieces.

Inventory:

Hand Weapons
 n - a +3 mace (weapon)
Armour
 b - a +0 scale mail (worn)
 c - a +0 buckler (worn)
 i - a +0 helmet (worn)
Jewellery
 m - a ring of protection from cold (left hand)
Scrolls
 e - 2 scrolls of vulnerability {unknown}
 f - 2 scrolls of immolation {unknown}
 g - 2 scrolls of enchant armour {unknown}
 j - 5 scrolls of identify {unknown}
 l - a scroll of teleportation {unknown}
Potions
 d - 2 potions of might


   Skills:
 + Level 4.3 Fighting
 + Level 4.5 Maces & Flails
 + Level 4.4 Armour
 + Level 0.7 Dodging
 + Level 0.4 Stealth
 + Level 3.8 Shields


You had 5 spell levels left.
You didn't know any spells.
Your spell library was empty.

Dungeon Overview and Level Annotations

Branches:
Dungeon (4/15)
 Temple: D:4-7

Altars:
Sif Muna


Innate Abilities, Weirdness & Mutations

You are immune to sickness and miasma.
Your stone body is resilient. (AC +4)
You are immune to poison.
You resist negative energy. (rN+)
You are resistant to electric shocks. (rElec)
You are resistant to unholy torment.
You are immune to petrification.


Message History

There is a stone staircase leading down here.
The orc wizard hits you with a +0 dagger.
The iguana bites you! The ball python bites you.
You block the ball python's attack. You block the ogre's attack.
You climb downwards.
The hobgoblin shouts!
The orc closely misses you.
There is a stone staircase leading up here.
The orc wizard points at you and mumbles some strange words.
You are confused.
The iguana bites you. The ball python misses you.
The ball python barely misses you. The orc misses you.
The ogre hits you with a +0 giant spiked club!
In your confused state, you trip and fall back down the stairs.
* * * LOW HITPOINT WARNING * * *
The orc wizard hits you but does no damage.
The ball python bites you but does no damage.
The ball python closely misses you.
The iguana bites you but does no damage.
The orc completely misses you.
It was a potion of brilliance.
You feel clever all of a sudden.
The ball python bites you but does no damage.
The ball python grabs you. The ball python constricts you.
The orc wizard hits you but does no damage.
The ogre hits you with a +0 giant spiked club.
* * * LOW HITPOINT WARNING * * *
The iguana bites you.
* * * LOW HITPOINT WARNING * * *
The orc closely misses you.
It was a potion of flight.
You feel very buoyant.
You fly up into the air.
The ball python bites you but does no damage.
The ball python constricts you.
The orc wizard hits you but does no damage.
The iguana barely misses you.
The ogre hits you with a +0 giant spiked club!!
Ouch! That really hurt!
You die...

.. .. #. . .#.
... #.# #.#
####o###.###.
#...@.og.....
#....lOS######.
.........#
##.......#
..........
##......$.#
...........
##.......(##


You could see an ogre, an iguana, an orc wizard, an orc, a hobgoblin and a ball
python.

Vanquished Creatures
  Sigmund (D:2)
  4 adders (D:3)
  2 worms (D:2)
  4 dart slugs
  An orc (D:3)
  7 ball pythons
  4 endoplasms
  2 giant cockroaches (D:1)
  8 goblins
  7 hobgoblins
  5 quokkas
  5 bats
  4 frilled lizards
  5 kobolds
  7 rats
66 creatures vanquished.

Vanquished Creatures (others)
  3 toadstools (D:1)
3 creatures vanquished.

Grand Total: 69 creatures vanquished

Notes
Turn   | Place    | Note
-------+----------+-------------------------------------------
     0 | D:1      | dr0g0th the Gargoyle Fighter began the quest for the Orb.
     0 | D:1      | Reached XP level 1. HP: 14/14 MP: 1/1
   326 | D:1      | Reached XP level 2. HP: 19/19 MP: 2/2
   530 | D:1      | Reached XP level 3. HP: 17/24 MP: 3/3
   618 | D:1      | Found a faded altar of an unknown god.
  1446 | D:2      | Noticed Sigmund
  1461 | D:2      | Killed Sigmund
  1462 | D:2      | Reached XP level 4. HP: 20/29 MP: 4/4
  1462 | D:2      | Reached XP level 5. HP: 23/33 MP: 5/5
  2386 | D:3      | Reached XP level 6. HP: 38/38 MP: 6/6
  2805 | D:3      | Found a shimmering blue altar of Sif Muna.
  3122 | D:4      | Demolished by an ogre

Illustrated notes

Levels and vault maps discovered:
D:1:      lemuel_arrival_tunnels, layout_basic, shapermc_ecumenical_altar_venn,
          minmay_gold_behind_fungi, st_stairs_5, minmay_split_cup_large
D:2:      layout_loops_corners, minmay_misc_feat_nine_boxes,
          nrook_mini_backslash, uniq_sigmund
D:3:      layout_loops_ring, lemuel_blue_sif_altar, st_stairs_7, minmay_ruptured
D:4:      layout_loops_ring, lemuel_crystal_altar

Skill      XL: |  1  2  3 |
---------------+----------+-----
Fighting       | 4 |  4.3
Maces & Flails | 4 |  4.5
Armour         | 4 |  4.4
Dodging        | |  0.7
Stealth        | |  0.4
Shields        | |  3.8

Action                   |  1- 3 |  4- 6 || total
-------------------------+-------+-------++-------
Melee: Flail             |   115 |    98 ||   213
  Use: Potion            |     2 |     2 ||     4
Armor: Scale mail        |    77 |    56 ||   133
Dodge: Dodged            |    68 |    52 ||   120
Block: Buckler           |    16 |    22 ||    38

Table legend: (Time is in decaauts)
 A = Elapsed time spent in this place.
 B = Non-inter-level travel time spent in this place.
 C = Inter-level travel time spent in this place.
 D = Time resting spent in this place.
 E = Time spent auto-exploring this place.
 F = Levels seen in this place.
 G = Mean time per level.
                   A        B        C        D        E       F      G
               +--------+--------+--------+--------+--------+-----+--------+
         Total |   3180 |   3102 |     78 |    449 |   2190 |   4 |  795.0 |
       Dungeon |   3180 |   3102 |     78 |    449 |   2190 |   4 |  795.0 |
               +--------+--------+--------+--------+--------+-----+--------+

Top non-repeatable levels by time:
     D:1: 1197 daAuts
     D:2: 1113 daAuts
     D:3: 857 daAuts
     D:4: 12 daAuts
